 Dungeon Crawl Stone Soup version 0.20-a0-731-gecde0bf (webtiles) character file.

78 Gorglomux the Caller (level 4, -3/24 HPs)
             Began as a Deep Elf Summoner on Feb 22, 2017.
             Killed from afar by an orc wizard (6 damage)
             ... with a magic dart
             ... on level 3 of the Dungeon.
             The game lasted 00:10:27 (3644 turns).

Gorglomux the Caller (Deep Elf Summoner)            Turns: 3644, Time: 00:10:28

Health: -3/24      AC:  3    Str:  5    XL:     4   Next: 15%
Magic:  1/10       EV: 13    Int: 21    God:
Gold:   155        SH:  0    Dex: 15    Spells: 3/9 levels left

rFire    . . .     SeeInvis .   s - +0 dagger
rCold    . . .     Gourm    .   a - +0 robe
rNeg     . . .     Faith    .   (no shield)
rPois    .         Spirit   .   (no helmet)
rElec    .         Reflect  .   (no cloak)
rCorr    .         Harm     .   p - +0 pair of gloves
MR       .....                  (no boots)
Stlth    ++........             (no amulet)
Regen    0.1/turn               (no ring)
MPRegen  0.2/turn               l - ring of flight

@: no status effects
A: no striking features
a: Evoke Flight


You were on level 3 of the Dungeon.
You were not hungry.

You visited 1 branch of the dungeon, and saw 3 of its levels.

You collected 155 gold pieces.

Inventory:

Hand Weapons
 s - a +0 dagger (weapon)
Armour
 a - a +0 robe (worn)
 p - a +0 pair of gloves (worn)
Jewellery
 l - a ring of flight (left hand)
Scrolls
 g - a scroll of blinking {unknown}
 i - a scroll of teleportation {unknown}
 m - 2 scrolls of remove curse {unknown}
Potions
 e - 2 potions of curing {unknown}
 k - 2 potions of mutation {unknown}
 q - a potion of brilliance {unknown}
Books
 b - a book of Callings

   Spells                             Type                      Level
   a - Summon Small Mammal            Summoning                    1
   b - Call Imp                       Summoning                    2
   c - Call Canine Familiar           Summoning                    3
   d - Summon Guardian Golem          Hexes/Summoning              3
   e - Summon Lightning Spire         Summoning/Air                4
   f - Summon Ice Beast               Ice/Summoning                4
Comestibles
 c - 3 bread rations
 f - a meat ration
 o - a royal jelly
 r - 7 fruits


   Skills:
 - Level 2.4 Dodging
 - Level 2.4 Stealth
 - Level 3.0 Spellcasting
 + Level 6.3 Summonings


You had 3 spell levels left.
You knew the following spells:

 Your Spells              Type           Power        Failure   Level  Hunger
a - Summon Small Mammal   Summ           ####         1%          1    None
b - Call Imp              Summ           ####....     1%          2    ##.....
c - Call Canine Familiar  Summ           ####....     2%          3    ###....


Dungeon Overview and Level Annotations

Branches:
Dungeon (3/15)

Altars:
Nemelex Xobeh
Wu Jian


Message History

The orc wizard blinks!
The orc wizard points at you and mumbles some strange words.
The magic dart hits you!
* * * LOW HITPOINT WARNING * * *
Your crimson imp blinks!
The orc wizard gestures wildly while chanting.
The orc wizard blinks!
What are your orders? t - Shout!
Orders for allies: a - Attack new target. p - Attack previous target. r - Retreat! s - Stop attacking. g - Guard the area. f - Follow me.
Anything else - Cancel.
Gang up on whom?
Press: ? - help, Dir - move target cursor, f/p - orc wizard
Aim: an orc wizard, wielding a dagger and wearing a robe (almost dead, fast) Attack!
The orc wizard casts a spell at you. The magic dart hits you!
You die...

#.##)##.##.##.#
#.##.##.##.##.#####
#.##.##...........#
########...o##.##.##.###.#
###........<...#.##........#
.##<#####...##)#.##...####.#
.#...## #...##.#.<5.....##.#
......# #...##..5.......##.#
.#....# #...####@.......##.#
.##รท#.###........)....####.#
).........#.######....# #.#
.##.#.#####.# ##.#.#####.#
.##.#.......#####..........#
.##.#......###.............#
.##.##.###.# #.##....#######
.#.#.#.###.###.##...##
..###.........<.....#


You could see an orc wizard and 2 friendly crimson imps.

Vanquished Creatures
  A worm (D:2)
  A dart slug (D:2)
  2 orcs (D:3)
  A giant cockroach (D:3)
  A goblin (D:3)
  4 hobgoblins
  A kobold (D:3)
  2 bats (D:1)
  A frilled lizard (D:2)
  2 rats
16 creatures vanquished.

Vanquished Creatures (collateral kills)
  Robin (D:3)
  2 adders
  An ooze (D:3)
  2 worms
  2 dart slugs
  4 orcs (D:3)
  4 bats
  3 giant cockroaches (D:1)
  15 goblins
  9 hobgoblins
  A ball python (D:1)
  A frilled lizard (D:3)
  4 kobolds
  2 rats (D:1)
51 creatures vanquished.

Grand Total: 67 creatures vanquished

Notes
Turn   | Place    | Note
-------+----------+-------------------------------------------
     0 | D:1      | Gorglomux the Deep Elf Summoner began the quest for the Orb.
     0 | D:1      | Reached XP level 1. HP: 10/10 MP: 6/6
   950 | D:1      | Reached XP level 2. HP: 12/15 MP: 2/8
  1044 | D:1      | Learned a level 2 spell: Call Imp
  1371 | D:1      | Reached skill level 5 in Summonings
  2228 | D:2      | Reached XP level 3. HP: 19/19 MP: 1/9
  2233 | D:2      | Learned a level 3 spell: Call Canine Familiar
  2301 | D:2      | Found a sparkling altar of Nemelex Xobeh.
  2364 | D:2      | Found an ornate altar of the Wu Jian Council.
  3232 | D:3      | Noticed Robin
  3241 | D:3      | Reached skill level 6 in Summonings
  3326 | D:3      | Killed Robin
  3326 | D:3      | Reached XP level 4. HP: 8/24 MP: 2/10
  3644 | D:3      | Killed from afar by an orc wizard

Vault maps used:
D:1:      minmay_arrival_stair_chambers
D:2:      nicolae_overflow_crystal_walls, lemuel_coloured_pillars_altar
D:3:      feat_on_display, uniq_robin

Skill      XL: |  1  2  3 |
---------------+----------+-----
Summonings     | 5 6 |  6.3
Dodging        | |  2.4
Stealth        | |  2.4
Spellcasting   | |  3.0

Action                   |  1- 3 |  4- 6 || total
-------------------------+-------+-------++-------
Melee: Unarmed           |    65 |       ||    65
       Dagger            |    48 |     3 ||    51
 Cast: Summon Small Mamm |    45 |     4 ||    49
       Call Imp          |    21 |     2 ||    23
       Call Canine Famil |     8 |     1 ||     9
 Stab: Sleeping          |     3 |       ||     3
       Distracted        |     2 |       ||     2
  Eat: Chunk             |     9 |     1 ||    10
Armor: Robe              |    34 |     1 ||    35
Dodge: Dodged            |   139 |     5 ||   144
